 Dungeon Crawl Stone Soup version 0.26-a0-661-g406de6ba63 (webtiles) character file.

Game seed: 8118905740759908363

21 Misha the Poker (level 2, 0/22 HPs)
             Began as a Merfolk Gladiator on Oct 9, 2020.
             Slain by an orc
             ... wielding a +2 hand axe of freezing
              (2 damage)
             ... on level 2 of the Dungeon.
             The game lasted 00:01:14 (764 turns).

Misha the Poker (Merfolk Gladiator)                  Turns: 764, Time: 00:01:14

Health: 0/22       AC:  5    Str: 13 (14) XL:     2   Next: 83%
Magic:  2/2        EV: 18    Int:  4 (7)  God:
Gold:   126        SH:  0    Dex: 14 (15) Spells: 1/1 levels left

rFire    . . .     SeeInvis .   a - +0 trident
rCold    . . .     Faith    .   (no shield)
rNeg     . . .     Spirit   .   b - +0 leather armour
rPois    .         Reflect  .   c - +0 helmet
rElec    .         Harm     .   (no cloak)
rCorr    .         Rampage  .   (no gloves)
MR       .....                  g - +0 pair of boots
Stlth    +.........             (no amulet)
HPRegen  0.07/turn              i - +4 ring of evasion
MPRegen  0.08/turn              (no ring)

@: no status effects
A: change form in water, swift swim, stealthy swim
a: no special abilities


You were on level 2 of the Dungeon.
You visited 1 branch of the dungeon, and saw 2 of its levels.

You collected 126 gold pieces.

Inventory:

Hand Weapons
 a - a +0 trident (weapon)
Missiles
 d - 3 throwing nets (quivered)
Armour
 b - a +0 leather armour (worn)
 c - a +0 helmet (worn)
 g - a +0 pair of boots (worn)
Jewellery
 i - a +4 ring of evasion (left hand)
Scrolls
 e - 4 scrolls of identify {unknown}
 j - a scroll of remove curse {unknown}
 k - a scroll of teleportation {unknown}
 m - a scroll of blinking {unknown}
 n - a scroll of random uselessness {unknown}
Potions
 f - a potion of haste {unknown}
 h - a potion of degeneration
 l - a potion of might {unknown}


   Skills:
 + Level 2.2 Fighting
 + Level 5.4 Polearms
 + Level 2.0 Throwing
 + Level 4.4 Dodging


You had one spell level left.
You didn't know any spells.
Your spell library was empty.

Dungeon Overview and Level Annotations

Branches:
Dungeon (2/15)

Altars:

Annotations:
D:2 Natasha


Message History

The orc hits you with a +2 hand axe of freezing!
The orc freezes you.
Natasha mumbles some strange words.
You are too injured to fight recklessly!
You are too injured to fight recklessly!
You are too injured to fight recklessly!
Unknown command.
The orc hits you with a +0 falchion.
* * * LOW HITPOINT WARNING * * *
Natasha mumbles some strange words.
You feel disoriented.
You see here a frilled lizard corpse.
You are too injured to fight recklessly!
Unknown command.
It was a potion of degeneration.
There was something very wrong with that liquid.
You feel weakened.
You feel dopey.
You feel clumsy. The orc barely misses you.
The orc hits you with a +2 hand axe of freezing.
You die...

..# ### #..####...
h......#### #.........#
###.. .......... ##...#
#......... #....#
###......... #....#
###oorh....... #....#
#.@o#b........
#....#####.###.$5......
#......................
#<.....###.###.........
#....#.# #.# ....$.....
#....#.# #...#.........
#....#.# ...##.........
#....#.. ..###.........
###.###..### #........


You could see Natasha, 3 orcs and a rat.

Vanquished Creatures
  A dart slug (D:1)
  A leopard gecko (D:1)
  An orc (D:2)
  3 bats
  2 goblins
  2 hobgoblins (D:1)
  A kobold (D:1)
  3 frilled lizards
  2 rats (D:1)
16 creatures vanquished.

Notes
Turn   | Place    | Note
-------+----------+-------------------------------------------
     0 | D:1      | Misha the Merfolk Gladiator began the quest for the Orb.
     0 | D:1      | Reached XP level 1. HP: 16/16 MP: 1/1
   177 | D:1      | Reached XP level 2. HP: 22/22 MP: 2/2
   293 | D:1      | Reached skill level 5 in Polearms
   757 | D:2      | Noticed Natasha
   763 | D:2      | Noticed a crimson imp
   763 | D:2      | HP: 1/22 [orc/+0 falchion (6)]
   764 | D:2      | Slain by an orc

Illustrated notes

Levels and vault maps discovered:
D:1:      dpeg_arrival_rooms_c, layout_basic, serial_bayou_crossing
D:2:      layout_rooms, uniq_natasha

Skill      XL: |  1  2 |
---------------+-------+-----
Polearms       | 5 |  5.4
Fighting       | |  2.2
Throwing       | |  2.0
Dodging        | |  4.4

Action                   || total
-------------------------++-------
Melee: Trident           ||    53
  Use: Potion            ||     1
 Stab: Sleeping          ||     1
Armor: Leather armour    ||    11
Dodge: Dodged            ||    37

Table legend: (Time is in decaauts)
 A = Elapsed time spent in this place.
 B = Non-inter-level travel time spent in this place.
 C = Inter-level travel time spent in this place.
 D = Time resting spent in this place.
 E = Time spent auto-exploring this place.
 F = Levels seen in this place.
 G = Mean time per level.
                   A        B        C        D        E       F      G
               +--------+--------+--------+--------+--------+-----+--------+
         Total |    760 |    740 |     20 |      0 |    579 |   2 |  380.0 |
       Dungeon |    760 |    740 |     20 |      0 |    579 |   2 |  380.0 |
               +--------+--------+--------+--------+--------+-----+--------+

Top non-repeatable levels by time:
     D:1: 731 daAuts
     D:2: 29 daAuts
